 Dungeon Crawl Stone Soup version 0.23.2-33-g5129a83184 (webtiles) character file.

Game seed: 17596532436700345101

27776 DildoBatman the Tainter (level 13, 0/96 HPs)
             Began as a Formicid Wizard on July 7, 2019.
             Was an Initiate of Gozag.
             Slain by a two-headed ogre
             ... wielding a +0 giant club
              (25 damage)
             ... on level 2 of the Orcish Mines.
             The game lasted 01:18:23 (14416 turns).

DildoBatman the Tainter (Formicid Wizard)          Turns: 14416, Time: 01:18:23

Health: 0/96       AC: 13    Str: 12    XL:     13   Next: 68%
Magic:  1/20       EV: 20    Int: 21    God:    Gozag
Gold:   820        SH:  7    Dex: 16    Spells: 2/22 levels left

rFire    + . .     SeeInvis +   a - +1 glaive (flame)
rCold    + . .     Gourm    .   J - +1 buckler
rNeg     . . .     Faith    .   S - +4 troll leather armour
rPois    .         Spirit   .   (helmet unavailable)
rElec    .         Reflect  .   V - +2 cloak {MR+}
rCorr    .         Harm     .   (no gloves)
MR       ++...                  r - +0 pair of boots {Stlth+}
Stlth    +++++.....             (no amulet)
HPRegen  0.66/turn              F - ring of protection from fire
MPRegen  0.17/turn              L - ring of protection from cold

@: agile, invisible
A: permanent stasis, dig shafts and tunnels, four strong arms, antennae 3, agile
1, dopey 1
a: Dig, Shaft Self, Potion Petition, Call Merchant, Bribe Branch, Renounce
Religion


You were on level 2 of the Orcish Mines.
You worshipped Gozag.
Gozag was pleased with you.
You were not hungry.

You visited 3 branches of the dungeon, and saw 14 of its levels.
You also visited: Volcano.

You collected 1935 gold pieces.
You spent 546 gold pieces at shops.
You paid 569 gold pieces to Gozag.

Inventory:

Hand Weapons
 a - a +1 glaive of flaming (weapon)
 b - a +2 trident of venom
 c - a +1 shortbow of flaming
Missiles
 g - 273 arrows
 s - 81 bolts
 T - 68 sling bullets
Armour
 r - a +0 pair of boots of stealth (worn)
 J - a +1 buckler (worn)
 S - a +4 troll leather armour (worn)
 V - a +2 cloak of magic resistance (worn)
Magical Staves
 e - an uncursed staff of poison
Jewellery
 E - an uncursed amulet of guardian spirit
 F - a ring of protection from fire (left hand)
 L - a ring of protection from cold (right hand)
Wands
 q - a wand of flame (20)
 A - a wand of iceblast (10)
 Q - a wand of paralysis (3)
 Z - a wand of disintegration (12)
Scrolls
 h - a scroll of amnesia {unknown}
 j - a scroll of fog {unknown}
 o - a scroll of enchant weapon {unknown}
 t - a scroll of blinking {unknown}
 x - 10 scrolls of remove curse
 y - 3 scrolls of fear
 C - a scroll of magic mapping
 W - a scroll of random uselessness {unknown}
 Y - a scroll of torment {unknown}
Potions
 i - 2 potions of cancellation {unknown}
 l - 6 potions of agility
 m - 3 potions of brilliance
 u - 2 potions of resistance
 w - 3 potions of curing
 B - 5 potions of heal wounds
 H - 2 potions of magic
 M - a potion of lignification {unknown}
 O - 2 potions of might {unknown}
 P - 3 potions of flight
 R - a potion of ambrosia {unknown}
 U - a potion of berserk rage {unknown}
Miscellaneous
 X - a box of beasts
Comestibles
 v - 18 rations


   Skills:
 * Level 7.2 Fighting
   Level 2.4 Short Blades
   Level 2.0(3.2) Axes
 * Level 4.0(4.3) Polearms
   Level 1.5 Slings
 * Level 7.3 Armour
 * Level 5.3 Dodging
 - Level 6.0 Stealth
 * Level 7.6 Shields
 - Level 5.0 Spellcasting
 - Level 6.0 Conjurations
 * Level 4.9 Hexes
 * Level 5.8 Charms
   Level 1.0 Summonings
 - Level 8.0 Necromancy
   Level 0.8 Translocations
 - Level 4.0 Fire Magic
 - Level 4.0 Air Magic
 - Level 8.2 Poison Magic
 - Level 6.2 Evocations


You had 2 spell levels left.
You knew the following spells:

 Your Spells              Type           Power        Failure   Level  Hunger
a - Conjure Flame         Conj/Fire      ####....     4%          3    ##.....
b - Magic Dart            Conj           ####         1%          1    None
c - Spectral Weapon       Hex/Chrm       ####....     4%          3    ##.....
d - Regeneration          Chrm/Necr      ####......   2%          3    ##.....
e - Mephitic Cloud        Conj/Pois/Air  ####....     3%          3    ##.....
h - Dispel Undead         Necr           #####...     14%         5    #####..
z - Sublimation of Blood  Necr           #####.....   1%          2    None

Your spell library contained the following spells:

 Spells                   Type           Power        Failure   Level  Hunger
 Animate Skeleton         Necr           N/A          1%          1    None
 Infusion                 Chrm           ####         1%          1    None
 Pain                     Necr           ####         1%          1    None
 Poisonous Vapours        Pois/Air       ####..       1%          2    None
 Searing Ray              Conj           ####..       1%          2    None
 Song of Slaying          Chrm           ####....     1%          2    None
 Slow                     Hex            ####....     2%          2    None
 Shroud of Golubria       Chrm/Tloc      ###.......   4%          2    None
 Throw Frost              Conj/Ice       ###...       6%          2    None
 Freeze                   Ice            #...         13%         1    None
 Call Imp                 Summ           #.......     13%         2    None
 Dazzling Spray           Conj/Hex       ####..       4%          3    ##.....
 Animate Dead             Necr           N/A          4%          4    ####...
 Iskenderun's Mystic Bla  Conj           ####....     11%         4    ####...
 Ozocubu's Armour         Chrm/Ice       ###.....     12%         3    ##.....
 Fulminant Prism          Conj/Hex       ####......   14%         4    ####...
 Bolt of Draining         Conj/Necr      ####......   21%         5    #####..
 Force Lance              Conj/Tloc      ###.....     32%         4    ####...
 Throw Icicle             Conj/Ice       ###.....     36%         4    ####...
 Borgnjor's Vile Clutch   Necr/Erth      ###.......   56%         5    #####..
 Summon Ice Beast         Ice/Summ       #.......     71%         4    ####...
 Irradiate                Conj/Tmut      ###.......   71%         5    #####..
 Simulacrum               Ice/Necr       ###.......   98%         6    #######
 Freezing Cloud           Conj/Ice/Air   ###.......   99%         6    #######
 Hydra Form               Tmut           #.........   100%        6    #######
 Statue Form              Tmut/Erth      #........    100%        6    #######
 Dragon Form              Tmut           #.........   100%        7    #######
 Haunt                    Necr/Summ      ###.......   100%        7    #######
 Ring of Flames           Chrm/Fire      ####......   100%        7    #######
 Borgnjor's Revivificati  Necr           #####.....   100%        8    #######
 Death's Door             Chrm/Necr      ####......   100%        8    #######
 Infestation              Necr           #####.....   100%        8    #######
 Necromutation            Tmut/Necr      ###.......   100%        8    #######
 Blink                    Tloc           Unusable     N/A         2    N/A

Dungeon Overview and Level Annotations

Branches:
Dungeon (11/15)            Temple (1/1) D:4            Lair (0/6) D:10
    Orc (2/2) D:9             Elf (0/3) Orc:2

Altars:
Ashenzari
Cheibriados
Dithmenos
Elyvilon
Fedhas
Gozag
Hepliaklqana
Kikubaaqudgha
Makhleb
Nemelex Xobeh
Okawaru
Qazlal
Ru
Sif Muna
Trog
Uskayaw
Vehumet
Wu Jian
Xom
Yredelemnul
Zin
The Shining One

Shops:
D:8 (   Orc:1 !   Orc:2 }([*

Annotations:
D:10 1 runed translucent door, Thantalas's ghost, novice GnFi


Innate Abilities, Weirdness & Mutations

You cannot be hasted, slowed, berserked, paralysed or teleported.
You can dig through walls and to a lower floor.
Your four strong arms can wield two-handed weapons with a shield.
You have a pair of large antennae on your head. (SInv)
You are agile. (Dex +2)
You are dopey. (Int -2)


Message History

You block the two-headed ogre's attack. The two-headed ogre misses you.
The two-headed ogre is engulfed in noxious fumes.
The two-headed ogre appears confused.
The two-headed ogre hits you but does no damage.
The two-headed ogre closely misses you.
The two-headed ogre is engulfed in noxious fumes.
The ogre chortles and stares into space.
Casting: Mephitic Cloud (safe; 3% risk of failure)
Confirm with . or Enter, or press ? or * to list all spells.
You don't have enough magic to cast that spell. [a] - 0 gold - heal wounds and agility [b] - 0 gold - invisibility and agility [c] - 0 gold - resistance, invisibility and agility Purchase which effect?
You fade into invisibility!
You feel agile all of a sudden.
The two-headed ogre hits you with a +0 giant club!!
You die...
Your body crumbles into a pile of gold.

## ### ## ### ##.## .####
##.####...# .#..## ###
#.....#..##
.....####.####.......#
......##...###......##
..##.##.#.O.##....###
.#####O.O..O..○OO...##
...####........#@....#
.....#...O....°...#.##
......#.......ZO..#### *##
...........O.......#.###.##
...##.#.#.........#.......#
..{#######...............##
.##{#####..............###
.*##....................##
###.{..{.{.........O..O..##


You could see 3 two-headed ogres, 4 ogres and an orc warrior zombie.

Vanquished Creatures
  A red draconian (Volcano)
  2 ogre magi (Orc:2)
  9 two-headed ogres (Orc:2)
  3 death yaks (D:10)
  A salamander mystic (Volcano)
  Pikel (D:4)
  An orc sorcerer (Orc:1)
  2 cyclopes
  5 salamanders (Volcano)
  A molten gargoyle (Volcano)
  Joseph (D:7)
  4 centaur skeletons
  3 trolls
  Prince Ribbit (D:7)
  Grinder (D:6)
  3 hippogriffs
  A wraith (D:11)
  A wyvern (D:11)
  11 yaks (D:10)
  8 fire bats
  2 hungry ghosts
  Grum (D:11)
  4 vampire mosquitoes (D:10)
  2 wargs
  A two-headed ogre zombie (D:9)
  Duvessa (D:7)
  2 ice beasts
  13 orc warriors
  3 sky beasts
  4 slaves (D:4)
  A black bear (D:8)
  3 necrophages
  3 phantoms
  19 ogres
  4 wolves (D:11)
  7 centaurs
  3 bullfrogs
  A gnoll sergeant (D:9)
  Dowan (D:7)
  A warg zombie (Orc:1)
  A wyvern skeleton (D:8)
  2 scorpions
  2 troll zombies (D:9)
  5 wights
  5 killer bees
  5 howler monkeys
  8 lava snakes (Volcano)
  3 crimson imps
  A centaur zombie (D:8)
  5 hounds
  4 jellies
  17 orc wizards
  14 orc priests
  Crazy Yiuf (D:7)
  5 bullfrog skeletons
  7 iguanas
  10 worker ants
  7 ogre zombies
  An ogre skeleton (Orc:1)
  A howler monkey skeleton (D:5)
  A worker ant zombie (D:5)
  8 gnolls
  11 adders
  3 shadow imps
  7 oozes
  2 adder skeletons
  2 worms
  2 dart slugs
  3 leopard geckos
  64 orcs
  7 bats
  7 giant cockroaches
  11 goblins
  9 hobgoblins
  11 jackals
  6 quokkas
  4 ball pythons
  4 frilled lizards (D:1)
  3 goblin skeletons (D:9)
  7 goblin zombies (D:9)
  2 hobgoblin skeletons (D:9)
  2 hobgoblin zombies (D:9)
  9 kobolds
  5 orc skeletons
  10 orc zombies
  7 rats
  2 spectral weapons (Volcano)
449 creatures vanquished.

Vanquished Creatures (collateral kills)
  2 killer bees (D:8)
2 creatures vanquished.

Vanquished Creatures (others)
  A plant (D:10)
  10 spectral weapons
11 creatures vanquished.

Grand Total: 462 creatures vanquished

Notes
Turn   | Place    | Note
-------+----------+-------------------------------------------
     0 | D:1      | DildoBatman the Formicid Wizard began the quest for the
                  | Orb.
     0 | D:1      | Reached XP level 1. HP: 13/13 MP: 4/4
    38 | D:1      | Reached skill level 1 in Conjurations
   155 | D:1      | Reached XP level 2. HP: 14/19 MP: 3/6
   551 | D:1      | Reached XP level 3. HP: 24/24 MP: 7/7
   556 | D:1      | Learned a level 3 spell: Conjure Flame
   560 | D:1      | Learned a level 3 spell: Mephitic Cloud
  1109 | D:2      | Reached XP level 4. HP: 23/30 MP: 4/8
  1480 | D:3      | Reached skill level 1 in Fire Magic
  1744 | D:3      | Reached XP level 5. HP: 14/35 MP: 3/9
  1995 | D:3      | Noticed an ogre
  2037 | D:3      | Killed an ogre
  2037 | D:3      | Reached skill level 1 in Axes
  2037 | D:3      | Reached skill level 1 in Slings
  2037 | D:3      | Reached XP level 6. HP: 41/41 MP: 1/10
  2661 | D:4      | Found an iron altar of Okawaru.
  2881 | D:4      | Noticed Pikel
  2881 | D:4      | Noticed a slave
  2881 | D:4      | Noticed a slave
  2881 | D:4      | Noticed a slave
  3188 | D:4      | Found a staircase to the Ecumenical Temple.
  3197 | Temple   | Entered the Ecumenical Temple
  3335 | Temple   | Became a worshipper of Kikubaaqudgha
  3370 | D:4      | Reached skill level 1 in Poison Magic
  3502 | D:4      | Reached XP level 7. HP: 38/46 MP: 5/11
  3504 | D:4      | Reached skill level 1 in Air Magic
  3818 | D:4      | Killed Pikel
  3818 | D:4      | Reached XP level 8. HP: 52/52 MP: 6/12
  4125 | D:5      | Entered Level 5 of the Dungeon
  4317 | D:5      | Reached * piety under Kikubaaqudgha
  4317 | D:5      | Identified Kikubaaqudgha's Almanac of Evil Magic
                  | (Kikubaaqudgha gifted it to you on level 5 of the Dungeon)
  4317 | D:5      | Received a gift from Kikubaaqudgha
  4323 | D:5      | Learned a level 3 spell: Regeneration
  4326 | D:5      | Learned a level 2 spell: Sublimation of Blood
  4589 | D:5      | Reached skill level 1 in Armour
  4593 | D:5      | Reached skill level 1 in Fighting
  4719 | D:5      | Reached skill level 5 in Conjurations
  4995 | D:5      | Found a radiant altar of Vehumet.
  4995 | D:5      | Found a hazy altar of Hepliaklqana.
  5029 | D:6      | Found a sparkling altar of Nemelex Xobeh.
  5030 | D:6      | Found an opulent altar of Gozag.
  5030 | D:6      | Noticed Grinder
  5032 | D:6      | Reached skill level 1 in Necromancy
  5054 | D:6      | Killed Grinder
  5054 | D:6      | Reached skill level 1 in Charms
  5054 | D:6      | Reached XP level 9. HP: 27/61 MP: 7/14
  5167 | D:6      | Reached skill level 1 in Shields
  5616 | D:7      | Reached ** piety under Kikubaaqudgha
  5662 | D:7      | Reached skill level 5 in Shields
  5811 | D:7      | Noticed a hippogriff
  5831 | D:7      | Killed a hippogriff
  5831 | D:7      | Reached skill level 5 in Stealth
  5862 | D:7      | Reached skill level 5 in Poison Magic
  5935 | D:7      | Noticed Prince Ribbit
  5935 | D:7      | Noticed Duvessa
  5935 | D:7      | Noticed Dowan
  5963 | D:7      | Killed Prince Ribbit
  5963 | D:7      | Reached skill level 1 in Evocations
  5977 | D:7      | Found a runed translucent door.
  5978 | D:7      | Noticed Crazy Yiuf
  6110 | D:7      | Killed Duvessa
  6136 | D:7      | Killed Dowan
  6226 | D:7      | Reached XP level 10. HP: 58/68 MP: 0/16
  6362 | D:7      | Noticed Joseph
  6643 | D:7      | Killed Joseph
  6881 | D:7      | Killed Crazy Yiuf
  7264 | D:8      | Reached *** piety under Kikubaaqudgha
  7264 | D:8      | Identified Kikubaaqudgha's Guide on Sinister Arts
                  | (Kikubaaqudgha gifted it to you on level 8 of the Dungeon)
  7264 | D:8      | Received a gift from Kikubaaqudgha
  7456 | D:8      | You fall through a shaft for 3 floors!
  7810 | D:11     | Learned a level 5 spell: Dispel Undead
  8029 | D:11     | Noticed Grum
  8038 | D:11     | Reached XP level 11. HP: 69/76 MP: 12/18
  8072 | D:11     | Killed Grum
  8124 | D:11     | Noticed a cyclops
  8589 | D:11     | Killed a cyclops
  8602 | D:10     | Entered Level 10 of the Dungeon
  8626 | D:11     | Reached skill level 5 in Spellcasting
  8791 | D:10     | Reached **** piety under Kikubaaqudgha
  8810 | D:10     | Found a staircase to the Lair.
  8925 | D:10     | Found a runed translucent door.
  8927 | D:10     | Found a shimmering altar of Xom.
  8927 | D:10     | Noticed Thantalas's ghost (novice GnFi)
  8931 | D:10     | Noticed a +0 rapier of chaos
  9253 | D:10     | Reached skill level 5 in Fighting
  9261 | D:10     | Reached skill level 5 in Armour
  9375 | D:10     | Noticed a death yak
  9380 | D:10     | Noticed a death yak
  9384 | D:10     | Killed a death yak
  9384 | D:10     | Reached skill level 5 in Evocations
  9428 | D:10     | Killed a death yak
  9428 | D:10     | Reached skill level 5 in Necromancy
  9749 | D:10     | Noticed a death yak
  9801 | D:10     | Killed a death yak
  9801 | D:10     | Reached XP level 12. HP: 40/86 MP: 6/19
 10219 | D:9      | Reached ***** piety under Kikubaaqudgha
 10460 | D:9      | Found a staircase to the Orcish Mines.
 10973 | D:8      | Found Ruirurop's Antique Weapon Emporium.
 11687 | D:11     | Learned a level 3 spell: Spectral Weapon
 11753 | Orc:1    | Entered Level 1 of the Orcish Mines
 11993 | Orc:2    | Entered Level 2 of the Orcish Mines
 12037 | Orc:2    | Reached skill level 1 in Polearms
 12037 | Orc:2    | Reached skill level 1 in Hexes
 12196 | Orc:2    | Found a dark tunnel.
 12205 | Volcano  | Entered a volcano
 12556 | Volcano  | Noticed a salamander mystic
 12607 | Volcano  | Killed a salamander mystic
 12690 | Volcano  | Found a burning altar of Makhleb.
 12690 | Volcano  | Noticed a red draconian
 12978 | Volcano  | Killed a red draconian
 12978 | Volcano  | Reached XP level 13. HP: 76/93 MP: 11/20
 13138 | Orc:2    | Reached ****** piety under Kikubaaqudgha
 13264 | D:6      | Received a gift from Kikubaaqudgha
 13272 | D:6      | Fell from the grace of Kikubaaqudgha
 13272 | D:6      | Became a worshipper of Gozag Ym Sagoz the Greedy
 13741 | Orc:1    | Found Vaymuddy's Distillery.
 13864 | Orc:1    | Bought a potion of degeneration for 14 gold pieces
 13864 | Orc:1    | Bought a potion of mutation for 112 gold pieces
 13864 | Orc:1    | Bought a potion of magic for 112 gold pieces
 13864 | Orc:1    | Bought a potion of heal wounds for 70 gold pieces
 13864 | Orc:1    | Bought a potion of flight for 42 gold pieces
 13864 | Orc:1    | Bought a potion of resistance for 140 gold pieces
 13864 | Orc:1    | Bought a potion of brilliance for 56 gold pieces
 13867 | Orc:1    | Gained mutation: You are somewhat resistant to further
                  | mutation. [potion of mutation]
 13867 | Orc:1    | Gained mutation: You are agile. (Dex +2) [potion of
                  | mutation]
 13869 | Orc:1    | Lost mutation: You are somewhat resistant to further
                  | mutation. [potion of mutation]
 13869 | Orc:1    | Lost mutation: You are agile. (Dex +2) [potion of mutation]
 13869 | Orc:1    | Gained mutation: You are frail. (-10% HP) [potion of
                  | mutation]
 13869 | Orc:1    | Gained mutation: You are weak. (Str -2) [potion of
                  | mutation]
 13869 | Orc:1    | Lost mutation: You are weak. (Str -2) [potion of mutation]
 13869 | Orc:1    | Gained mutation: Your system is resistant to poisons.
                  | (rPois) [potion of mutation]
 13870 | Orc:1    | Lost mutation: Your system is resistant to poisons. (rPois)
                  | [potion of mutation]
 13870 | Orc:1    | Lost mutation: You are frail. (-10% HP) [potion of
                  | mutation]
 13870 | Orc:1    | Gained mutation: Potions are less effective at restoring
                  | your health. [potion of mutation]
 13870 | Orc:1    | Gained mutation: You are dopey. (Int -2) [potion of
                  | mutation]
 13870 | Orc:1    | Lost mutation: Potions are less effective at restoring your
                  | health. [potion of mutation]
 13870 | Orc:1    | Gained mutation: You are agile. (Dex +2) [potion of
                  | mutation]
 13949 | Orc:2    | Found a staircase to the Elven Halls.
 13957 | Orc:1    | Reached skill level 5 in Charms
 14203 | Orc:2    | Noticed an ogre mage
 14254 | Orc:2    | Killed an ogre mage
 14254 | Orc:2    | Reached skill level 5 in Dodging
 14319 | Orc:2    | Found Kauf's Weapon Shoppe.
 14319 | Orc:2    | Found Xomuocla's Assorted Antiques.
 14320 | Orc:2    | Found Unnoumua's Gadget Shop.
 14320 | Orc:2    | Found Taomi's Antique Armour Shoppe.
 14416 | Orc:2    | Slain by a two-headed ogre

Skill      XL: |  1  2  3  4  5  6  7  8  9 10 11 12 13 |
---------------+----------------------------------------+-----
Conjurations   | 1 2 3 4 5 6 |  6.0
Stealth        | 3 4 5 6 |  6.0
Fire Magic     | 1 2 3 4 |  4.0
Axes           | 1 2 |  2.0
Slings         | 1 |  1.5
Poison Magic   | 1 4 5 6 8 |  8.2
Air Magic      | 1 2 3 4 |  4.0
Short Blades   | 2 |  2.4
Armour         | 1 2 3 5 6 7 |  7.3
Fighting       | 1 2 3 5 6 7 |  7.2
Dodging        | 2 3 4 5 |  5.3
Necromancy     | 1 2 3 5 7 8 |  8.0
Charms         | 1 2 3 4 5 |  5.8
Shields        | 5 6 7 |  7.6
Spellcasting   | 4 5 |  5.0
Evocations     | 1 3 6 |  6.2
Polearms       | 2 4 |  4.0
Hexes          | 3 4 |  4.9
Summonings     | |  1.0
Translocations | |  0.8

Action                   |  1- 3 |  4- 6 |  7- 9 | 10-12 | 13-15 || total
-------------------------+-------+-------+-------+-------+-------++-------
Melee: Unarmed           |    19 |       |       |       |       ||    19
       Dagger            |    20 |     6 |   185 |   764 |       ||   975
       War axe           |       |    53 |     4 |       |       ||    57
       Spear             |       |       |       |   360 |    21 ||   381
       Glaive            |       |       |       |       |    88 ||    88
 Fire: Hunting sling     |     9 |    87 |    48 |   134 |       ||   278
Throw: Tomahawk          |       |       |     3 |       |       ||     3
 Cast: Magic Dart        |    68 |    53 |    46 |    64 |       ||   231
       Conjure Flame     |       |     4 |    18 |    45 |     8 ||    75
       Mephitic Cloud    |       |     7 |    22 |    61 |    20 ||   110
       Regeneration      |       |       |     8 |    52 |     7 ||    67
       Sublimation of Bl |       |       |       |    12 |       ||    12
       Spectral Weapon   |       |       |       |    23 |    17 ||    40
       Dispel Undead     |       |       |       |     2 |       ||     2
Invok: Receive Necronomi |       |       |       |       |     1 ||     1
       Potion Petition   |       |       |       |       |     1 ||     1
 Abil: Dig               |     1 |     4 |    14 |    35 |    13 ||    67
Evoke: Wand              |       |       |       |    24 |       ||    24
  Use: Scroll            |       |       |       |    15 |     1 ||    16
       Potion            |       |       |       |       |     5 ||     5
 Stab: Sleeping          |     2 |       |     9 |     3 |     1 ||    15
       Confused          |       |     4 |     5 |    34 |     7 ||    50
       Distracted        |       |       |     1 |       |       ||     1
       Paralysed         |       |       |       |    17 |       ||    17
  Eat: Chunk             |     1 |     8 |    15 |    43 |     2 ||    69
       Ration            |       |       |       |       |     3 ||     3
Armor: Robe              |    11 |     6 |    16 |     1 |       ||    34
       Ring mail         |       |       |       |   219 |       ||   219
       Troll leather arm |       |       |       |   114 |    14 ||   128
Dodge: Dodged            |    42 |    48 |    78 |   428 |    67 ||   663
Block: Buckler           |       |       |     7 |   220 |    35 ||   262
